 Dungeon Crawl Stone Soup version 0.27.1 (webtiles) character file.

Game seed: 5132504577113335941

20 Malachi the Ducker (level 2, 0/22 HPs)
             Began as a Demonspawn Gladiator on Aug 24, 2021.
             Slain by a jackal (3 damage)
             ... on level 1 of the Dungeon.
             The game lasted 00:00:27 (242 turns).

Malachi the Ducker (Demonspawn Gladiator)            Turns: 242, Time: 00:00:27

Health: 0/22       AC:  4    Str: 14    XL:     2   Next: 58%
Magic:  2/2        EV: 12    Int:  9    God:
Gold:   0          SH:  0    Dex: 14    Spells: 1/1 levels left

rFire    . . .     SeeInvis .   a - +0 quarterstaff
rCold    . . .     Faith    .   (shield currently unavailable)
rNeg     . . .     Spirit   .   b - +0 leather armour
rPois    .         Reflect  .   c - +0 helmet
rElec    .         Harm     .   (no cloak)
rCorr    .         Rampage  .   (no gloves)
Will     .....                  (no boots)
Stlth    +.........             (no amulet)
HPRegen  0.07/turn              (no ring)
MPRegen  0.08/turn              (no ring)

@: no status effects
A: powered by death 1
a: no special abilities


You were on level 1 of the Dungeon.
You visited 1 branch of the dungeon, and saw 1 of its levels.

Inventory:

Hand Weapons
 a - a +0 quarterstaff (weapon)
Missiles
 d - 3 throwing nets (quivered)
Armour
 b - a +0 leather armour (worn)
 c - a +0 helmet (worn)


   Skills:
 + Level 2.2 Fighting
 + Level 2.8 Staves
 + Level 1.8 Throwing
 + Level 0.3 Armour
 + Level 3.2 Dodging


You had one spell level left.
You didn't know any spells.
Your spell library was empty.

Dungeon Overview and Level Annotations

Branches:
Dungeon (1/15)

Altars:


Innate Abilities, Weirdness & Mutations

You regenerate a little health from kills.


Message History

The jackal bites you. x2
Unknown command.
You hit the jackal but do no damage.
The jackal is severely wounded.
The jackal closely misses you. The jackal misses you.
Unknown command.
You hit the jackal.
You kill the jackal!
A bat comes into view.
The jackal bites you but does no damage.
The jackal closely misses you.
Unknown command.
You closely miss the goblin. The goblin hits you but does no damage.
The jackal bites you but does no damage.
The goblin hits you with a +0 club.
A ball python comes into view.
The ball python bites you but does no damage.
The ball python barely misses you. The goblin misses you.
Unknown command.
You barely miss the goblin.
The jackal bites you but does no damage.
The goblin hits you but does no damage. The ball python closely misses you. x2
The jackal barely misses you. The goblin hits you with a +0 club.
Unknown command.
You closely miss the goblin.
The ball python hisses angrily.
The ball python bites you. The ball python closely misses you.
The goblin hits you with a +0 club. The jackal barely misses you.
A giant cockroach comes into view.
The goblin hits you but does no damage. The ball python bites you.
The ball python misses you. The goblin hits you with a +0 club.
You are too injured to fight recklessly!
The jackal bites you. The goblin hits you with a +0 club.
* * * LOW HITPOINT WARNING * * *
The jackal misses you.
The jackal bites you but does no damage.
The jackal bites you.
* * * LOW HITPOINT WARNING * * *
The jackal bites you.
You die...

......B..#...
.........#.. ...
........... ...
###........># ..#
..###.......# #.#
....##......## #.#
#....#..(?...# #.#
###..#...S.#.###.#
.##'##....##..##@#
.#...#....###.gh.##
.#...#..†.bgS.....#
≈#≈≈≈#......###.###
≈#≈≈≈#..........#
≈#≈≈≈#......#####
≈#≈≈≈#......#
≈#≈≈≈#......#
#......#


You could see a jackal, 2 goblins, a bat and a ball python.

Vanquished Creatures
  2 ball pythons (D:1)
  2 endoplasms (D:1)
  6 goblins (D:1)
  A hobgoblin (D:1)
  A jackal (D:1)
  A quokka (D:1)
  3 rats (D:1)
16 creatures vanquished.

Notes
Turn   | Place    | Note
-------+----------+-------------------------------------------
     0 | D:1      | Malachi the Demonspawn Gladiator began the quest for the
                  | Orb.
     0 | D:1      | Reached XP level 1. HP: 16/16 MP: 1/1
   130 | D:1      | Reached skill level 3 in Dodging
   154 | D:1      | Gained mutation: You regenerate a little health from kills.
                  | [demonic ancestry]
   154 | D:1      | Reached XP level 2. HP: 21/22 MP: 2/2
   242 | D:1      | Slain by a jackal

Illustrated notes

Levels and vault maps discovered:
D:1:      dpeg_arrival_water_fire, layout_rooms, minmay_split_cup_small

Skill      XL: |  1 |
---------------+----+-----
Dodging        | 3 |  3.2
Fighting       | |  2.2
Staves         | |  2.8
Throwing       | |  1.8
Armour         | |  0.3

Action                   || total
-------------------------++-------
Melee: Quarterstaff      ||    39
Armor: Leather armour    ||    18
Dodge: Dodged            ||    36
